[Event "*** Titled Tuesday Blitz"]
[Site "Chess.com"]
[Date "2020.10.20"]
[Round "6"]
[White "bascheyaro"]
[Black "Smirnov_Pavel"]
[Result "1-0"]
[WhiteElo "2742"]
[BlackElo "2863"]
[TimeControl "180+1"]
[EndTime "11:12:22 PDT"]
[Termination "bascheyaro won on time"]

1. d4 Nf6 2. Nf3 e6 3. Bf4 c5 4. e3 cxd4 5. exd4 b6 6. Nc3 Bb7 7. Nb5 d6 8. Be2 a6 9. Na3 Be7 10. O-O O-O 11. c3 b5 12. Nc2 Nbd7 13. a4 Nd5 14.
Bg3 Bc6 15. axb5 axb5 16. Qd2 Qb6 17. Ne3 N7f6 18. Qc2 Ra4 19. Nxd5 Nxd5 20. Bd3 h6 21. Qe2 Rfa8 22. Rab1 Ra2 23. Nd2 Nf6 24. Bh4 Qb7 25.
Bxf6 Bxf6 26. Be4 Bxe4 27. Nxe4 Be7 28. f4 Qd5 29. f5 exf5 30. Ng3 Qe6 31. Rbe1 Qxe2 32.
Rxe2 Bg5 33. Nxf5 b4 34. cxb4 Rb8 35. Nxd6 Bf6 36. Nf5 Rxb4 37. Nxh6+ Kh7 38. Nf5 Raxb2 39.
Rxb2 Rxb2 40. Rd1 Rb4 41. d5 g6 42. Ng3 Bd4+ 43. Kh1 Bc5 44. h3 f5 45. d6 Rb8 46. d7 Rd8 47. Ne2 Kg7 48. Nf4 Kf7 49. Nd3 Bd6 50. g4 Ke6 51. Kg2 Rxd7 52. gxf5+ gxf5 53. Kf3 Rh7 54. Re1+ Kf6 55. Rh1 Rg7 56. Nf4 Rb7 57.
Nd5+ Ke5 58. Ne3 Rb3 59. Ke2 Ke4 60. Nc4 Bb4 61. h4 f4 62. h5 f3+ 63. Kf2 Bc5+ 64. Kg3 f2+ 65. Kg2 Rc3 66. Nd2+ Kf5 67. h6 Bd4 68. h7 Rc8 69. Nf3 Bf6 70. Kxf2 Kg6 71.
Kg3 Rh8 72. Rg1 Rxh7 73. Kf4+ Kf7 74. Rb1 Rh5 75. Kg4 Kg6 76. Rb6 Rd5 77. Ra6 Rc5 78. Kf4 Rc4+ 79. Ke3 Kf5 80. Ra5+ Ke6 81. Rb5 Kf7 82.
Nd2 Rc6 83. Ne4 Be7 84. Kf4 Re6 85. Rb7 Rc6 86. Ke5 Ke8 87. Kd5 Ra6 88. Nc3 Ra5+ 89. Ke6 Ra6+ 90. Kf5 Rd6 91. Ne4 Rd7 92. Rb8+ Kf7 93.
Rb6 Rd5+ 94. Kf4 Rd7 95. Ke5 Rd8 96. Rh6 Rg8 97. Rh7+ Rg7 98. Rh1 Rg6 99. Rf1+ Kg7 100. Kf5 Bf6 101. Rd1 Be7 102. Rd7 Kf7 103. Rb7 Rg7 104.
Nc3 Rg6 105. Nd5 Re6 106. Ra7 Re2 107. Nf4 Re1 108. Rb7 Rf1 109. Ke4 Re1+ 110. Kf3 Rf1+ 111. Ke3 Re1+ 112. Kd3 Re5 113. Kd4 Rf5 114. Nd5 Ke6 115. Rb6+ Kf7 116. Ke4 Rh5 117. Rb7 Ke6 118. Rxe7+ 1-0

[Event "*** Titled Tuesday Blitz"]
[Site "Chess.com"]
[Date "2020.10.20"]
[Round "7"]
[White "kleopl"]
[Black "barbara25"]
[Result "0-1"]
[WhiteElo "2438"]
[BlackElo "2298"]
[TimeControl "180+1"]
[EndTime "11:14:48 PDT"]
[Termination "barbara25 won by checkmate"]

1. c4 Nf6 2. Nc3 e6 3. Nf3 d5 4.
cxd5 exd5 5. d4 c6 6. Bg5 Be7 7. e3 O-O 8. Bd3 Re8 9. O-O Ne4 10. Bxe7 Qxe7 11. Rb1 f5 12. Ne5 Nd7 13. Nxd7 Bxd7 14.
Be2 Qd6 15. Bf3 Re6 16. g3 Rh6 17. Bg2 Rf8 18. Ne2 g5 19. b4 Qg6 20. a4 Qh5 21.
h3 f4 22. g4 Bxg4 23. hxg4 Qh2# 0-1

[Event "*** Titled Tuesday Blitz"]
[Site "Chess.com"]
[Date "2020.10.20"]
[Round "7"]
[White "TomiLen"]
[Black "TimofeevAr"]
[Result "1-0"]
[WhiteElo "2620"]
[BlackElo "2775"]
[TimeControl "180+1"]
[EndTime "11:15:01 PDT"]
[Termination "TomiLen won by resignation"]

1. c4 c5 2. Nf3 Nf6 3. Nc3 d5 4. cxd5 Nxd5 5. e4 Nb6 6. d4 cxd4 7. Qxd4 Qxd4 8. Nxd4 a6 9. Be3 N8d7 10. O-O-O e6 11.
Be2 Bc5 12. Nc2 Bxe3+ 13. Nxe3 Ke7 14. Rd2 Ne5 15. Rhd1 g5 16. g3 Bd7 17. f4 gxf4 18. gxf4 Nc6 19. Nc4 1-0

[Event "*** Titled Tuesday Blitz"]
[Site "Chess.com"]
[Date "2020.10.20"]
[Round "7"]
[White "RobPeresian"]
[Black "enriquebutti"]
[Result "1-0"]
[WhiteElo "2414"]
[BlackElo "2011"]
[TimeControl "180+1"]
[EndTime "11:15:10 PDT"]
[Termination "RobPeresian won by resignation"]

1. Nf3 c5 2. c4 Nf6 3. Nc3 b6 4. g3 Bb7 5. Bg2 e6 6. O-O d6 7.
Re1 Be7 8. e4 e5 9. d3 O-O 10.
Nh4 g6 11. Bh6 Re8 12. f4 Nc6 13. f5 Nd4 14. Rf1 Nd7 15. fxg6 hxg6 16. Nxg6 fxg6 17. Qg4 Nf8 18. Bxf8 Bxf8 19. Qxg6+ Bg7 20. Rf7 Ne6 21. Bh3 Qg5 22. Rxg7+ Nxg7 23. Qxg5 1-0

[Event "*** Titled Tuesday Blitz"]
[Site "Chess.com"]
[Date "2020.10.20"]
[Round "7"]
[White "Ermito2020"]
[Black "dpopadic"]
[Result "1-0"]
[WhiteElo "2646"]
[BlackElo "2401"]
[TimeControl "180+1"]
[EndTime "11:15:17 PDT"]
[Termination "Ermito2020 won by resignation"]

1. e4 c5 2. Nf3 Nc6 3. d4 cxd4 4. Nxd4 Nf6 5. Nc3 e5 6. Ndb5 d6 7. Bg5 a6 8. Na3 b5 9. Nd5 Be7 10. Bxf6 Bxf6 11. c4 b4 12. Nc2 O-O 13. Be2 Rb8 14. b3 Bg5 15. O-O a5 16. Qd3 Be6 17. Rad1 Qd7 18.
Qg3 Bd8 19. c5 Nd4 20. Nxd4 Bxd5 21. Nf5 g6 22. Rxd5 Kh8 23. Nxd6 Qe7 24. Qxe5+ 1-0

[Event "*** Titled Tuesday Blitz"]
[Site "Chess.com"]
[Date "2020.10.20"]
[Round "7"]
[White "Walter_White_Poland"]
[Black "lacafi"]
[Result "1-0"]
[WhiteElo "2301"]
[BlackElo "2128"]
[TimeControl "180+1"]
[EndTime "11:15:21 PDT"]
[Termination "Walter_White_Poland won by checkmate"]

1. e4 c6 2. d4 d5 3. Nc3 dxe4 4. Nxe4 Nf6 5. Nxf6+ exf6 6. Bc4 Bd6 7. Qe2+ Qe7 8.
Qxe7+ Bxe7 9. Ne2 O-O 10. Bf4 Bf5 11. O-O-O Nd7 12. h3 Nb6 13. Bb3 Rad8 14. Ng3 Bg6 15. Rhe1 Bd6 16. Bxd6 Rxd6 17. Re7 Rd7 18. Rde1 Rfd8 19.
Re8+ Rxe8 20. Rxe8# 1-0

[Event "*** Titled Tuesday Blitz"]
[Site "Chess.com"]
[Date "2020.10.20"]
[Round "7"]
[White "SophieNikoladze"]
[Black "TokChess"]
[Result "1-0"]
[WhiteElo "2298"]
[BlackElo "2409"]
[TimeControl "180+1"]
[EndTime "11:15:23 PDT"]
[Termination "SophieNikoladze won by resignation"]

1. d4 Nf6 2. Nf3 g6 3. g3 Bg7 4. Bg2 O-O 5. O-O d5 6. Ne5 Nbd7 7. f4 Ne4 8. c4 c6 9. Nc3 Ndf6 10. e3 Nxc3 11.
bxc3 Ne4 12. Qe1 Bf5 13. g4 Be6 14. f5 Bc8 15. Bxe4 dxe4 16. Qg3 Qc7 17. Kh1 b6 18. Nxg6 Qd7 19. Nxf8 Kxf8 20. Qf4 Ba6 21. Ba3 Bxc4 22. f6 1-0

[Event "*** Titled Tuesday Blitz"]
[Site "Chess.com"]
[Date "2020.10.20"]
[Round "7"]
[White "Makswolf200817"]
[Black "AndrewMaco"]
[Result "0-1"]
[WhiteElo "2449"]
[BlackElo "2621"]
[TimeControl "180+1"]
[EndTime "11:15:40 PDT"]
[Termination "AndrewMaco won by resignation"]

1. d4 Nf6 2. c4 e6 3. g3 c5 4. d5 exd5 5. cxd5 d6 6. Nc3 g6 7.
Bg2 Bg7 8. Nf3 O-O 9. O-O a6 10. a4 Nbd7 11. Re1 Re8 12. Bf4 Qe7 13. a5 h6 14. h4 Ng4 15. Nd2 g5 16. hxg5 hxg5 17. e4 Nxf2 18. Kxf2 gxf4 19. Qg4 Nf6 20. Qxf4 Ng4+ 21.
Kf1 Bh6 0-1

[Event "*** Titled Tuesday Blitz"]
[Site "Chess.com"]
[Date "2020.10.20"]
[Round "7"]
[White "Sadykov_Ramil"]
[Black "chessmadara"]
[Result "1-0"]
[WhiteElo "2552"]
[BlackElo "2183"]
[TimeControl "180+1"]
[EndTime "11:16:04 PDT"]
[Termination "Sadykov_Ramil won by resignation"]

1. d4 Nf6 2. Nc3 g6 3. e4 d6 4.
Be3 Bg7 5. Qd2 Nbd7 6. O-O-O O-O 7. Bh6 c6 8. f3 b5 9. h4 b4 10. Nce2 a5 11. h5 a4 12. hxg6 fxg6 13. Bxg7 Kxg7 14. Qxb4 Ba6 15. Nf4 Bxf1 16. Ne6+ 1-0

[Event "*** Titled Tuesday Blitz"]
[Site "Chess.com"]
[Date "2020.10.20"]
[Round "7"]
[White "Kaslask"]
[Black "WiktoriaPOL"]
[Result "1-0"]
[WhiteElo "2298"]
[BlackElo "2066"]
[TimeControl "180+1"]
[EndTime "11:16:07 PDT"]
[Termination "Kaslask won by checkmate"]

1. d4 Nf6 2. c4 g6 3. Nc3 Bg7 4. e4 d6 5. Be2 O-O 6. Be3 e5 7.
d5 a5 8. g4 Na6 9. h4 Nc5 10. f3 Nfd7 11. h5 f5 12. hxg6 hxg6 13. gxf5 gxf5 14. exf5 Rxf5 15. Bd3 Nxd3+ 16. Qxd3 Nc5 17.
Bxc5 dxc5 18. O-O-O Qg5+ 19. Kb1 Rf4 20. Ka1 Rd4 21. Qe2 Rxd1+ 22. Qxd1 Qg2 23. Nge2 a4 24. d6 cxd6 25. Qd5+ Kf8 26. Qxd6+ Kf7 27. Qc7+ Kf8 28. Rg1 Qxf3 29. Qxg7+ Ke8 30. Qxe5+ Kd8 31.
Rg8+ Kd7 32. Rg7+ Kd8 33. Qc7+ Ke8 34. Qe7# 1-0

[Event "*** Titled Tuesday Blitz"]
[Site "Chess.com"]
[Date "2020.10.20"]
[Round "7"]
[White "niki_2003"]
[Black "Skatchkov_V"]
[Result "0-1"]
[WhiteElo "1846"]
[BlackElo "2497"]
[TimeControl "180+1"]
[EndTime "11:16:07 PDT"]
[Termination "Skatchkov_V won by resignation"]

1. d4 Nf6 2. c4 e6 3. Nf3 b6 4.
g3 Bb7 5. Bg2 Be7 6. O-O O-O 7.
Nbd2 d5 8. b3 Nbd7 9. Bb2 c5 10.
Re1 cxd4 11. Bxd4 Rc8 12. Rc1 Ba3 13. Rb1 Qe7 14. Ne5 Rfd8 15. Nxd7 Rxd7 16. e4 dxc4 17.
Nxc4 Rcd8 18. Bxf6 Qxf6 19. Qc2 Bc5 20. e5 Qe7 21.
Bxb7 Rxb7 22. Rbd1 Rbd7 23. Rxd7 Qxd7 24. Rd1 Qxd1+ 25. Kg2 Qxc2 0-1

[Event "*** Titled Tuesday Blitz"]
[Site "Chess.com"]
[Date "2020.10.20"]
[Round "7"]
[White "Vyacheslav_N"]
[Black "Yoshikrov"]
[Result "0-1"]
[WhiteElo "2337"]
[BlackElo "2143"]
[TimeControl "180+1"]
[EndTime "11:16:09 PDT"]
[Termination "Yoshikrov won by checkmate"]

1. e4 c5 2. Nf3 d6 3. d4 cxd4 4. Nxd4 Nf6 5. f3 e5 6. Nb3 Be6 7. c4 Nbd7 8. Nc3 Be7 9. Nd5 Bxd5 10. cxd5 O-O 11. Be3 Ne8 12. Qd2 f5 13. Bd3 fxe4 14.
fxe4 Nef6 15. h3 Nh5 16. O-O-O Rc8+ 17. Bc2 Ng3 18. Rhg1 Nxe4 19. Qd3 Nef6 20. Kb1 e4 21. Qe2 Nb6 22. Bxb6 Qxb6 23. Bxe4 Nxe4 24. Qxe4 Bf6 25. Qe6+ Kh8 26. Rge1 h6 27. Qe3 Qa6 28. Nd4 Qa4 29. Ne6 Qc2+ 30. Ka1 Qxb2# 0-1

[Event "*** Titled Tuesday Blitz"]
[Site "Chess.com"]
[Date "2020.10.20"]
[Round "7"]
[White "Carnivoras"]
[Black "barriochess"]
[Result "1-0"]
[WhiteElo "2639"]
[BlackElo "2307"]
[TimeControl "180+1"]
[EndTime "11:16:14 PDT"]
[Termination "Carnivoras won by resignation"]

1. d4 Nf6 2. c4 c5 3. d5 d6 4.
Nc3 g6 5. e4 Bg7 6. Nf3 O-O 7.
Bd3 e6 8. O-O exd5 9. exd5 Na6 10. h3 Nc7 11. Bf4 Nh5 12. Bg5 Bf6 13. Bh6 Bg7 14.
Qd2 Bxh6 15. Qxh6 Qf6 16. Rfe1 Qg7 17. Qxg7+ Kxg7 18. Re7 Ne8 19. Rae1 Nef6 20. Nb5 Rd8 21. Ng5 Nf4 22. Bf1 h6 23. Nxf7 1-0

[Event "*** Titled Tuesday Blitz"]
[Site "Chess.com"]
[Date "2020.10.20"]
[Round "7"]
[White "kasparicy"]
[Black "JiiHart"]
[Result "1-0"]
[WhiteElo "2372"]
[BlackElo "2079"]
[TimeControl "180+1"]
[EndTime "11:16:41 PDT"]
[Termination "kasparicy won by resignation"]

1. e4 c5 2. Nf3 Nc6 3. d4 cxd4 4.
Nxd4 Nf6 5. Nc3 d6 6. Be3 e5 7. Nb3 h6 8. Be2 Be6 9. O-O Be7 10. f4 exf4 11. Bxf4 Ne5 12. Nd4 O-O 13. Qe1 Neg4 14. Qg3 Qb6 15. Rad1 Qxb2 16. Nxe6 fxe6 17. Bxg4 Nxg4 18.
Qxg4 Qxc3 19. Qxe6+ Rf7 20. Bxd6 1-0

[Event "*** Titled Tuesday Blitz"]
[Site "Chess.com"]
[Date "2020.10.20"]
[Round "7"]
[White "Colombiano07"]
[Black "yobdc"]
[Result "1-0"]
[WhiteElo "2224"]
[BlackElo "2331"]
[TimeControl "180+1"]
[EndTime "11:16:41 PDT"]
[Termination "Colombiano07 won by checkmate"]

1. c4 e6 2. g3 d5 3. Bg2 c6 4.
b3 b5 5. Nf3 Nf6 6. O-O Be7 7.
Bb2 O-O 8. d3 a5 9. Nbd2 a4 10.
e4 a3 11. Bc3 b4 12. Bd4 c5 13. Bxf6 Bxf6 14. e5 Be7 15. cxd5 exd5 16. d4 Ba6 17. Re1 c4 18. Rc1 c3 19. Nf1 Bxf1 20.
Rxf1 Nc6 21. Ne1 Qb6 22. Nc2 Rad8 23. Kh1 Rfe8 24. f4 Bf8 25. f5 f6 26. e6 Bd6 27.
Qh5 Nxd4 28. Bxd5 Be7 29. Bg2 Nxc2 30. Rxc2 Rd4 31. Qxe8+ Bf8 32. Qf7+ Kh8 33. Qxf8# 1-0

[Event "*** Titled Tuesday Blitz"]
[Site "Chess.com"]
[Date "2020.10.20"]
[Round "7"]
[White "kidagent"]
[Black "TurboSteen"]
[Result "1-0"]
[WhiteElo "2290"]
[BlackElo "2042"]
[TimeControl "180+1"]
[EndTime "11:16:44 PDT"]
[Termination "kidagent won by resignation"]

1. e4 e6 2. d4 d5 3. Nc3 Bb4 4. e5 c5 5. a3 Bxc3+ 6. bxc3 Ne7 7.
Qg4 Qc7 8. Qxg7 Rg8 9. Qxh7 cxd4 10. Ne2 dxc3 11. h4 Nbc6 12. Bf4 Bd7 13. Rh3 d4 14.
Qe4 Ng6 15. Nxd4 Nxf4 16. Qxf4 Nxe5 17. Qe3 Nc6 18. Nb5 Qa5 19. Nd6+ Ke7 20. Nxb7 Qc7 21. Qc5+ Kf6 22. Rf3+ Kg7 23. Nd6 1-0

[Event "*** Titled Tuesday Blitz"]
[Site "Chess.com"]
[Date "2020.10.20"]
[Round "7"]
[White "Anton_Demchenko"]
[Black "SchieberSpieler"]
[Result "1-0"]
[WhiteElo "2811"]
[BlackElo "2425"]
[TimeControl "180+1"]
[EndTime "11:16:51 PDT"]
[Termination "Anton_Demchenko won by resignation"]

1. e4 e6 2. d4 d5 3. Nd2 c5 4. exd5 Qxd5 5. dxc5 Bxc5 6. Ngf3 Nf6 7. Bc4 Qd6 8. O-O O-O 9. Qe2 Qc7 10. c3 b6 11.
Nb3 Be7 12. Nbd4 a6 13. Re1 Re8 14. Ne5 Bd6 15. Bf4 Bb7 16. Nxf7 Bxf4 17. Nxe6 Rxe6 18. Qxe6 Kf8 19. Rad1 Nc6 20. g3 Re8 21. Qf5 Rxe1+ 22. Rxe1 Bd6 23. Ng5 Ne5 24. Ne6+ 1-0

[Event "*** Titled Tuesday Blitz"]
[Site "Chess.com"]
[Date "2020.10.20"]
[Round "7"]
[White "dennisodessa"]
[Black "Volodar_Murzin"]
[Result "0-1"]
[WhiteElo "2438"]
[BlackElo "2613"]
[TimeControl "180+1"]
[EndTime "11:16:53 PDT"]
[Termination "Volodar_Murzin won by resignation"]

1. c4 Nf6 2. d4 g6 3. Nc3 Bg7 4.
e4 d6 5. f3 O-O 6. Be3 c5 7. dxc5 dxc5 8. Qxd8 Rxd8 9. Bxc5 Nc6 10.
Nge2 Nd7 11. Be3 b6 12. O-O-O Ba6 13. Nb5 Nde5 14. Nec3 Rxd1+ 15. Kxd1 Rd8+ 16. Kc1 Nb4 17. a3 Nbd3+ 18. Kc2 Nxc4 19. Bxb6 Ne1+ 20. Kb1 Nxb6 21. Be2 Nxg2 0-1

[Event "*** Titled Tuesday Blitz"]
[Site "Chess.com"]
[Date "2020.10.20"]
[Round "7"]
[White "Piotrek1979"]
[Black "ZverevLev"]
[Result "1-0"]
[WhiteElo "2406"]
[BlackElo "2259"]
[TimeControl "180+1"]
[EndTime "11:17:01 PDT"]
[Termination "Piotrek1979 won by checkmate"]

1. Nf3 c5 2. e4 d6 3. c3 Nf6 4. Be2 Nc6 5. d4 cxd4 6. cxd4 Nxe4 7. d5 Qa5+ 8. Nc3 Nxc3 9. bxc3 Ne5 10. Nxe5 dxe5 11.
O-O g6 12. Rb1 Bd7 13. Rxb7 Qxc3 14. Rxd7 Kxd7 15. Qa4+ Kd8 16. Be3 Bg7 17. Rc1 Qb2 18. Qc6 Rb8 19. d6 exd6 20. Qxd6+ Ke8 21. Rc7 Qb4 22.
Qd7+ Kf8 23. Qxf7# 1-0

[Event "*** Titled Tuesday Blitz"]
[Site "Chess.com"]
[Date "2020.10.20"]
[Round "7"]
[White "TC2304"]
[Black "mjray79"]
[Result "0-1"]
[WhiteElo "2255"]
[BlackElo "2403"]
[TimeControl "180+1"]
[EndTime "11:17:04 PDT"]
[Termination "mjray79 won by resignation"]

1. d4 Nf6 2. Bg5 d5 3. Nd2 c5 4. e3 e6 5. Ngf3 Be7 6. c3 b6 7. Ne5 Nfd7 8. Bxe7 Qxe7 9. Ndf3 f6 10. Nxd7 Nxd7 11.
Bd3 e5 12. dxe5 fxe5 13. Bb5 Bb7 14. Qa4 e4 15. Nh4 a6 16. Bc6 b5 17. Bxb5 axb5 18. Qxb5 Rb8 19. Nf5 Qf6 20. Ng3 Bc6 21. Qe2 O-O 22.
O-O Bb5 23. Qh5 Bxf1 0-1

[Event "*** Titled Tuesday Blitz"]
[Site "Chess.com"]
[Date "2020.10.20"]
[Round "7"]
[White "ChessArchitect64"]
[Black "Kolle05"]
[Result "0-1"]
[WhiteElo "2054"]
[BlackElo "2297"]
[TimeControl "180+1"]
[EndTime "11:17:09 PDT"]
[Termination "Kolle05 won by checkmate"]

1. e4 c5 2. Nf3 d6 3. Bb5+ Nd7 4. c3 Nf6 5. e5 dxe5 6. Nxe5 Qc7 7.
Nxd7 Bxd7 8. Bxd7+ Qxd7 9. O-O e6 10. Na3 Be7 11. Nc2 O-O 12. d4 Rfd8 13. Be3 c4 14. Qe2 b5 15. a4 a6 16. axb5 axb5 17.
Rxa8 Rxa8 18. Ra1 Rxa1+ 19. Nxa1 Nd5 20. Nc2 h6 21. Bd2 Qa7 22. Qd1 Qa4 23. Qc1 h5 24. Ne3 Bg5 25. Nxd5 Bxd2 26. Ne7+ Kf8 27. Ng6+ fxg6 28.
Qb1 b4 29. g3 bxc3 30. Qxg6 cxb2 31. Kg2 Qa1 32. Qxe6 b1=Q 33. Qc8+ Ke7 34. Qc7+ Kf6 35. Qd6+ Kf7 36. Qd7+ Kg6 37. Qe6+ Kh7 38. Qf7 Qe4+ 39. f3 Qe2+ 40. Kh3 Qaf1+ 41. Kh4 Qxh2# 0-1

[Event "*** Titled Tuesday Blitz"]
[Site "Chess.com"]
[Date "2020.10.20"]
[Round "7"]
[White "bakki78"]
[Black "Flawless_Fighter"]
[Result "1-0"]
[WhiteElo "2737"]
[BlackElo "2573"]
[TimeControl "180+1"]
[EndTime "11:17:18 PDT"]
[Termination "bakki78 won by resignation"]

1. e4 c6 2. d4 d5 3. e5 Bf5 4. Be2 e6 5. Nf3 Ne7 6. c3 Nd7 7. O-O Ng6 8. Ne1 f6 9. f4 c5 10. Kh1 cxd4 11. cxd4 Rc8 12. Nc3 Be7 13. g4 Be4+ 14.
Nxe4 dxe4 15. f5 Nh4 16. fxe6 Nb6 17. Bb5+ Rc6 18. Bxc6+ bxc6 19. exf6 Bxf6 20. g5 Bxd4 21. Qh5+ Ng6 22. Ng2 Nd5 23. Qg4 Qd6 24. Qxe4 Be5 25. Ne3 Nxe3 26. Bxe3 Qxe6 27. Rad1 Qh3 28. Qxc6+ Ke7 29.
Bc5+ 1-0

[Event "*** Titled Tuesday Blitz"]
[Site "Chess.com"]
[Date "2020.10.20"]
[Round "7"]
[White "anpospan"]
[Black "Semetey"]
[Result "0-1"]
[WhiteElo "2367"]
[BlackElo "2522"]
[TimeControl "180+1"]
[EndTime "11:17:18 PDT"]
[Termination "Semetey won by resignation"]

1. b3 e5 2. Bb2 Nc6 3. e4 Bc5 4. Nf3 d6 5. c3 Bg4 6. Be2 Nf6 7. Qc2 O-O 8. b4 Bb6 9. b5 Ne7 10. d4 exd4 11. cxd4 d5 12. e5 Ne4 13. O-O f6 14. a4 fxe5 15. Nxe5 Bxe2 16. Qxe2 Nf5 17. Rd1 Qg5 18. a5 Nxd4 19. Bxd4 Bxd4 20. Nf3 Rxf3 21. Rxd4 Rxf2 0-1

[Event "*** Titled Tuesday Blitz"]
[Site "Chess.com"]
[Date "2020.10.20"]
[Round "7"]
[White "Mr_Sinigami"]
[Black "TheCastleHunter"]
[Result "1-0"]
[WhiteElo "2506"]
[BlackElo "2361"]
[TimeControl "180+1"]
[EndTime "11:17:19 PDT"]
[Termination "Mr_Sinigami won by resignation"]

1. d4 Nf6 2. Nf3 b6 3. Bf4 Bb7 4. e3 c5 5. h3 e6 6. Be2 Be7 7. O-O O-O 8. a4 d5 9. a5 bxa5 10. c3 Nc6 11. Qa4 Qb6 12. Ra2 Ne4 13. Nbd2 cxd4 14.
exd4 f5 15. Nb3 Bd8 16. Nc1 Bc7 17. Bxc7 Qxc7 18. Nd3 Ba6 19. Re1 Bxd3 20. Bxd3 Rfc8 21.
Ba6 Rcb8 22. Bb5 Rb6 23. Bxc6 Rxc6 24. Qxa5 Rb6 25. Ne5 Nxf2 26. Kxf2 Rxb2+ 27. Kg1 Qb7 28. Rxb2 Qxb2 29. Qa6 Re8 30. Qc6 Qb8 31. Nd7 Qc8 32. Rxe6 1-0

[Event "*** Titled Tuesday Blitz"]
[Site "Chess.com"]
[Date "2020.10.20"]
[Round "7"]
[White "Ranindu2003"]
[Black "northridgehawk"]
[Result "1-0"]
[WhiteElo "2554"]
[BlackElo "2239"]
[TimeControl "180+1"]
[EndTime "11:17:21 PDT"]
[Termination "Ranindu2003 won by checkmate"]

1. e4 e5 2. Nf3 Nc6 3. Bc4 Nf6 4. d3 Bc5 5. c3 d6 6. h3 a6 7. Bb3 Ba7 8. Nbd2 h6 9. Nf1 O-O 10. Ng3 d5 11. Qe2 d4 12. Nh2 Re8 13. Ng4 Be6 14. Qf3 Nxg4 15. hxg4 Qd7 16. g5 Bxb3 17. axb3 dxc3 18.
bxc3 Qe6 19. gxh6 Qxb3 20. Bd2 Qb2 21. Rd1 Re6 22. hxg7 Rd8 23. Nf5 f6 24. Rh8+ Kf7 25. Qh5# 1-0

[Event "*** Titled Tuesday Blitz"]
[Site "Chess.com"]
[Date "2020.10.20"]
[Round "7"]
[White "SantoBlue"]
[Black "Sanan_Sjugirov"]
[Result "1-0"]
[WhiteElo "2799"]
[BlackElo "2902"]
[TimeControl "180+1"]
[EndTime "11:17:44 PDT"]
[Termination "SantoBlue won by checkmate"]

1. Nf3 d5 2. g3 Bg4 3. Bg2 c6 4. O-O e6 5. d3 Nd7 6. Nbd2 Bd6 7. b3 Ne7 8. Bb2 O-O 9. h3 Bh5 10. g4 Bg6 11. Nh4 f6 12. e3 Bf7 13. f4 e5 14.
Kh1 Qc7 15. Qf3 Rae8 16. Rae1 Qa5 17. Qf2 Qxa2 18. Rb1 Qa5 19. Ra1 Qb6 20. f5 a5 21.
Qg3 Qc7 22. e4 Bb4 23. Nhf3 Ra8 24. h4 Kh8 25. Bh3 Rfd8 26. g5 Bh5 27. Nd4 Bxd2 28.
Ne6 Qd6 29. gxf6 Bh6 30. fxg7+ Kg8 31. f6 Ng6 32. f7# 1-0

[Event "*** Titled Tuesday Blitz"]
[Site "Chess.com"]
[Date "2020.10.20"]
[Round "7"]
[White "Slovak_fighter2000"]
[Black "Shubinkirill2003"]
[Result "0-1"]
[WhiteElo "2421"]
[BlackElo "2658"]
[TimeControl "180+1"]
[EndTime "11:17:46 PDT"]
[Termination "Shubinkirill2003 won by resignation"]

1. d4 e6 2. Nf3 Nf6 3. Bf4 b6 4.
e3 Bb7 5. Nbd2 d6 6. Bd3 Nbd7 7. Qe2 h6 8. Bg3 g5 9. h3 Rg8 10. c3 h5 11. a4 a6 12. e4 g4 13. hxg4 hxg4 14.
Nh4 Nh5 15. Qe3 Be7 16. e5 Bg5 17. Qe2 dxe5 18. Ne4 exd4 19. Nxg5 Qxg5 20. Bxc7 dxc3 21. bxc3 Qc5 22. Bg6 Qxc3+ 23. Kd1 Qxa1+ 24. Kd2 Qb2+ 25. Bc2 Rc8 26. Qc4 b5 27. axb5 axb5 0-1

[Event "*** Titled Tuesday Blitz"]
[Site "Chess.com"]
[Date "2020.10.20"]
[Round "7"]
[White "romulocardoso"]
[Black "Keures"]
[Result "1-0"]
[WhiteElo "2118"]
[BlackElo "2283"]
[TimeControl "180+1"]
[EndTime "11:17:46 PDT"]
[Termination "romulocardoso won by resignation"]

1. e4 e6 2. d4 d5 3. exd5 exd5 4. c4 Nf6 5. Nc3 Be7 6. Nf3 O-O 7. Bd3 Bg4 8. O-O dxc4 9. Bxc4 Nbd7 10. Re1 Nb6 11. Bb3 c6 12. Bg5 Re8 13. Bxf7+ Kxf7 14. Ne5+ Kg8 15. Nxg4 Nxg4 16. Qxg4 Bxg5 17. Rxe8+ Qxe8 18. Qxg5 Rd8 19. Qe3 Qg6 20. Re1 h6 21. h4 Kh7 22.
Qe7 Rxd4 23. Qxb7 Rxh4 24. Qxa7 Nc4 25. b3 Rg4 26. g3 Rxg3+ 27. fxg3 Qxg3+ 28. Kf1 Nd2+ 29.
Ke2 Qxc3 30. Qe3 Ne4 31. Qxe4+ Kg8 32. Qc4+ 1-0

[Event "*** Titled Tuesday Blitz"]
[Site "Chess.com"]
[Date "2020.10.20"]
[Round "7"]
[White "Meri-Arabidze"]
[Black "KetiGrant"]
[Result "0-1"]
[WhiteElo "2629"]
[BlackElo "2344"]
[TimeControl "180+1"]
[EndTime "11:17:47 PDT"]
[Termination "KetiGrant won by resignation"]

1. d4 Nf6 2. c4 g6 3. Nc3 Bg7 4. g3 O-O 5. Bg2 c6 6. e4 d6 7.
Nge2 Nbd7 8. O-O e5 9. Re1 a6 10. h3 b5 11. c5 dxc5 12. dxe5 Nxe5 13. Qxd8 Rxd8 14. f4 Nd3 15. Rf1 Bb7 16. e5 Nd5 17. Ne4 c4 18. N2c3 Nxc3 19. bxc3 c5 20. Be3 Bxe4 21.
Bxe4 Rab8 22. Rad1 Bf8 23. a3 a5 24. g4 b4 25.
axb4 cxb4 26. cxb4 axb4 27. Ba7 Bc5+ 28. Bxc5 Nxc5 29.
Bd5 c3 30. Rf2 b3 0-1

[Event "*** Titled Tuesday Blitz"]
[Site "Chess.com"]
[Date "2020.10.20"]
[Round "7"]
[White "maximnovik"]
[Black "GMaka"]
[Result "1-0"]
[WhiteElo "2519"]
[BlackElo "2366"]
[TimeControl "180+1"]
[EndTime "11:17:48 PDT"]
[Termination "maximnovik won by resignation"]

1. d4 Nf6 2. Bg5 e6 3. c3 h6 4.
Bh4 d5 5. Nd2 Be7 6. e3 b6 7. Bd3 O-O 8. f4 Bb7 9. Bxf6 Bxf6 10.
Ngf3 Nc6 11. h4 g6 12. h5 g5 13. Bb1 Kg7 14. Qc2 Rh8 15. Kf2 Ne7 16. fxg5 Bxg5 17. Nxg5 hxg5 18. h6+ Kf8 19. Nf3 Ng6 20. Rh5 g4 21. Ng5 Qf6+ 22. Kg1 g3 23. Qe2 Ke7 24. Bd3 Rag8 25. Rf1 Qxf1+ 26. Qxf1 f5 27. Nxe6 Kxe6 1-0

[Event "*** Titled Tuesday Blitz"]
[Site "Chess.com"]
[Date "2020.10.20"]
[Round "7"]
[White "NotFischer"]
[Black "AsaHoffmann"]
[Result "1-0"]
[WhiteElo "2262"]
[BlackElo "2369"]
[TimeControl "180+1"]
[EndTime "11:17:49 PDT"]
[Termination "NotFischer won by resignation"]

1. e4 d6 2. d4 Nf6 3. Nc3 c6 4. Be2 b5 5. a3 a6 6. Bg5 Nbd7 7. Qd2 Bb7 8. h4 e5 9. Nf3 Be7 10. O-O-O Qc7 11. h5 h6 12. Bh4 O-O-O 13. g4 Nb6 14. g5 exd4 15. Nxd4 hxg5 16. Bxg5 d5 17. e5 Ng8 18. Bf4 Qd7 19. Rhg1 Nh6 20. Bxh6 Rxh6 21. Bg4 Re6 22. Qf4 Bxa3 23. bxa3 Qe7 24. Nb1 Nc4 25. Qxf7 Qxf7 26. Bxe6+ Qxe6 27. Nxe6 Re8 28. Nxg7 Rxe5 29. h6 Nd6 30. Rde1 Rxe1+ 31. Rxe1 1-0

[Event "*** Titled Tuesday Blitz"]
[Site "Chess.com"]
[Date "2020.10.20"]
[Round "7"]
[White "Evachess2006"]
[Black "RamyresCoelho"]
[Result "0-1"]
[WhiteElo "1634"]
[BlackElo "2061"]
[TimeControl "180+1"]
[EndTime "11:17:54 PDT"]
[Termination "RamyresCoelho won by checkmate"]

1. e4 c5 2. c3 d5 3. exd5 Qxd5 4. d4 cxd4 5. cxd4 e6 6. Nf3 Nc6 7. Nc3 Bb4 8. Bd2 Bxc3 9. Bxc3 Nf6 10. Be2 Ne4 11.
O-O Nxc3 12. bxc3 O-O 13. c4 Qd6 14. Qd2 Rd8 15. Rfd1 b6 16. Rac1 Bb7 17. c5 bxc5 18. dxc5 Qe7 19. Qb2 g6 20. Rb1 Rxd1+ 21. Rxd1 Rb8 22.
Qc3 Nd8 23. Nd4 Rc8 24. c6 Nxc6 25. Qb3 Nxd4 26. Rxd4 Rc1+ 27. Rd1 Rxd1+ 28. Qxd1 Qc7 29. Qa1 Qc6 30. Qb1 Qxg2# 0-1